 Dungeon Crawl Stone Soup version 0.29.1-1-gd02db6906a (webtiles) character file.

Game seed: 4462184425584943107

44 concernfroge the Trooper (level 3, -3/31 HPs)
             Began as a Mummy Monk on Sept 18, 2022.
             Slain by a worm (8 damage)
             ... on level 3 of the Dungeon.
             The game lasted 00:02:42 (1844 turns).

concernfroge the Trooper (Mummy Monk)               Turns: 1844, Time: 00:02:43

Health: -3/31      AC:  5    Str: 16    XL:     3   Next: 41%
Magic:  3/3        EV: 12    Int:  9    God:
Gold:   108        SH:  0    Dex: 14    Spells: 2/2 levels left

rFire   x . .      SeeInvis .   a - +0 spear
rCold   + . .      Faith    .   (no shield)
rNeg    + + +      Spirit   .   f - +0 leather armour
rPois   ∞          Reflect  .   (no helmet)
rElec   .          Harm     .   (no cloak)
rCorr   .          Rampage  .   (no gloves)
Will    .....                   c - +1 pair of boots
Stlth   ++........              (no amulet)
HPRegen 0.10/turn               (no ring)
MPRegen 0.08/turn               (no ring)

@: no status effects
A: cold resistance 1, negative energy resistance 3, torment resistance 2, heat
vulnerability 1, in touch with death 1, no potions
a: no special abilities


You were on level 3 of the Dungeon.
You visited 1 branch of the dungeon, and saw 3 of its levels.

You collected 108 gold pieces.

Inventory:

Hand Weapons
 a - a +0 spear (weapon)
Armour
 c - a +1 pair of boots (worn)
 f - a +0 leather armour (worn)
Scrolls
 b - a scroll of poison


   Skills:
 + Level 4.5 Fighting
 - Level 2.4 Polearms
 - Level 2.4 Dodging
 - Level 1.5 Stealth


You had 2 spell levels left.
You didn't know any spells.
Your spell library contained the following spells:

 Spells                   Type           Power      Damage    Failure   Level
 Gell's Gravitas          Tloc           0%         N/A       83%         3
 Lesser Beckoning         Tloc           0%         N/A       83%         3
 Teleport Other           Tloc           0%         N/A       83%         3


Dungeon Overview and Level Annotations

Branches:
Dungeon (3/15)

Altars:

Annotations:
D:2 Sigmund
D:3 Pargi


Innate Abilities, Weirdness & Mutations

You are immune to poison.
Your flesh is cold resistant. (rC+)
You are immune to negative energy. (rN+++)
You are immune to unholy pain and torment.
You are vulnerable to heat. (rF-)
You are in touch with the powers of death.
You do not drink.


Message History

The worm is moderately wounded.
You barely miss the worm.
The worm is moderately wounded.
The worm closely misses you.
You hit the worm.
The worm is moderately wounded.
A ball python comes into view.
The ball python hisses angrily.
You hit the worm but do no damage.
The worm is moderately wounded.
You hear a shout!
The worm bites you.
You hit the worm but do no damage.
The worm is moderately wounded.
Pargi the Meek comes into view.
The worm bites you.
Okay, then.
As you read the scroll labelled SUNWUM YCRUMOUTEH, it crumbles to dust.
It is a scroll of identify.
b - a scroll of poison Pargi bites you but does no damage.
Pargi claws you but does no damage. Pargi claws you.
As you read the scroll labelled GUITTI VU REHU, it crumbles to dust.
It is a scroll of enchant armour.
Your +0 pair of boots glows green for a moment.
A bat comes into view.
Pargi bites you but does no damage. Pargi claws you. x2
The bat moves out of view.
Okay, then.
You hit the worm.
The worm is moderately wounded.
Pargi bites you.
* * * LOW HITPOINT WARNING * * *
Pargi claws you but does no damage. x2; The worm bites you.
* * * LOW HITPOINT WARNING * * *
You barely miss the worm.
The worm is moderately wounded.
Pargi misses you. Pargi barely misses you. Pargi closely misses you.
The worm bites you!
You die...

##### #...#
#...# ... #S#
#w# #@#
######T#.####
##............#
#..####.......#
#..# #.......#
##<####....b..#
#.............
######.<......
.........


You could see Pargi, a worm, a bat and a ball python.

Vanquished Creatures
  A worm (D:2)
  A dart slug (D:1)
  9 ball pythons (D:1)
  3 endoplasms (D:1)
  4 giant cockroaches
  2 goblins (D:1)
  4 hobgoblins
  3 quokkas
  3 bats
  A kobold (D:2)
  3 rats (D:1)
34 creatures vanquished.

Notes
Turn   | Place    | Note
-------+----------+-------------------------------------------
     0 | D:1      | concernfroge the Mummy Monk began the quest for the Orb.
     0 | D:1      | Reached XP level 1. HP: 18/18 MP: 1/1
   266 | D:1      | Reached XP level 2. HP: 21/24 MP: 2/2
   814 | D:1      | Reached skill level 4 in Fighting
  1068 | D:1      | Gained mutation: You are in touch with the powers of death.
                  | [Mummy growth]
  1068 | D:1      | Reached XP level 3. HP: 30/30 MP: 3/3
  1201 | D:1      | Found a faded altar of an unknown god.
  1326 | D:2      | Noticed Sigmund
  1839 | D:3      | Noticed Pargi
  1844 | D:3      | Slain by a worm

Illustrated notes

Levels and vault maps discovered:
D:1:      dpeg_arrival_three_same_balls, layout_loops_ring,
          chequers_ecumenical_altar_lobes, chequers_serial_rivers_micro_a,
          minmay_pentomino_t4
D:2:      layout_basic, hex_large, minmay_misc_feat_ornament,
          dreamdust_wishing_well, uniq_sigmund
D:3:      layout_rooms, uniq_pargi

Skill      XL: |  1  2 |
---------------+-------+-----
Fighting       | 4 |  4.5
Polearms       | |  2.4
Dodging        | |  2.4
Stealth        | |  1.5

Action                   || total
-------------------------++-------
Melee: Spear             ||   157
  Use: Scroll            ||     2
 Stab: Sleeping          ||     6
Armor: Robe              ||    36
       Leather armour    ||     6
Dodge: Dodged            ||    69
